 Dungeon Crawl Stone Soup version 0.32-a0-900-g30fb1b0edc (webtiles) character file.

Game seed: 16553502246418814318

901 Foxy the Poker (level 8, 0/59 (61) HPs)
             Began as a Coglin Gladiator on Apr 6, 2024.
             Slain by a wight
             ... wielding a +3 trident
              (6 damage)
             ... on level 5 of the Dungeon.
             The game lasted 00:05:34 (3777 turns).

Foxy the Poker (Coglin Gladiator)                   Turns: 3777, Time: 00:05:35

HP:   0/59 (61)     AC:  6    Str: 17    XL:     8   Next: 7%
MP:   8/8           EV: 11    Int:  8    God:
Gold: 168           SH:  0    Dex: 15    Spells: 7/7 levels left

rFire   . . .        a - +0 trident (venom) {Gustavo}
rCold   . . .        D - +4 trident {Ruka}
rNeg    . . .        w - +0 ring mail
rPois   .            c - +0 helmet
rElec   .            (no cloak)
rCorr   .            (no gloves)
SInv    .            (no boots)
Will    .....        (amulet unavailable)
Stlth   +            (ring unavailable)
HPRegen 0.29/turn    (ring unavailable)
MPRegen 0.11/turn    (no gizmo)

%: no passive effects
@: lightly drained, revved
A: off-hand wielding, slow wielding, warmup strikes, no jewellery
a: Invent Gizmo


You were on level 5 of the Dungeon.
You visited 1 branch of the dungeon, and saw 5 of its levels.

You collected 168 gold pieces.

Inventory:

Hand Weapons
 a - a +0 trident of venom (weapon) {Gustavo}
 y - a +0 war axe {Tihomir}
 D - a +4 trident (offhand) {Ruka}
Missiles
 d - 3 throwing nets
 e - a javelin
 k - 6 poisoned darts (quivered)
Armour
 c - a +0 helmet (worn)
 w - a +0 ring mail (worn)
Wands
 j - a wand of flame (30)
Scrolls
 f - a scroll of vulnerability {unknown}
 h - a scroll of butterflies {unknown}
 i - a scroll of noise
 l - a scroll of revelation {unknown}
 m - a scroll of amnesia
 n - a scroll of brand weapon
 o - a scroll of silence {unknown}
 q - a scroll of teleportation {unknown}
 s - 2 scrolls of identify {unknown}
 v - a scroll of immolation {unknown}
 A - a scroll of acquirement {unknown}
 C - a scroll of enchant armour {unknown}
Potions
 b - 2 potions of brilliance
 g - a potion of mutation {unknown}
 p - 2 potions of heal wounds {unknown}
 r - a potion of curing
 t - 3 potions of might {unknown}
 u - a potion of lignification {unknown}
 x - a potion of enlightenment {unknown}
 z - a potion of degeneration {unknown}
 B - a potion of cancellation {unknown}


   Skills:
 + Level 4.5 Fighting
 - Level 2.3(4.9) Axes
 * Level 6.1(6.3) Polearms
 - Level 2.0 Throwing
 + Level 4.6 Dodging


You had 7 spell levels left.
You didn't know any spells.
Your spell library contained the following spells:

 Spells                   Type           Power      Damage    Failure   Level
 Magic Dart               Conj           0%         1d3       63%         1
 Blink                    Tloc           0%         N/A       77%         2
 Call Imp                 Summ           0%         N/A       77%         2
 Tukima's Dance           Hex            0%         N/A       94%         3
 Passage of Golubria      Tloc           0%         N/A       100%        4
 Yara's Violent Unravell  Hex/Alch       0%         3d3       100%        5


Dungeon Overview and Level Annotations

Branches:
Dungeon (5/15)
 Temple: D:4-7

Altars:
Makhleb

Shops:
D:1 [


Innate Abilities, Weirdness & Mutations

You can wield a second weapon in your off-hand.
It takes a long time for you to wield or remove held weapons.
Your first few attacks do less damage.
You cannot equip rings or amulets.


Message History

The wight hits you with a +2 short sword.
You hit the wight with your +4 trident.
The wight is lightly damaged.
You puncture the wight with your +0 trident of venom!
The wight barely misses you.
You hit the wight with your +4 trident.
The wight is severely damaged.
You hit the wight but do no damage.
The wight hits you with a +2 short sword.
You barely miss the wight with your +0 trident of venom.
The wight is severely damaged.
You closely miss the wight with your +4 trident.
The wight hits you but does no damage.
You hit the wight with your +4 trident.
The wight is almost destroyed.
You barely miss the wight with your +0 trident of venom.
The wight barely misses you.
You hit the wight but do no damage.
The wight is almost destroyed.
You barely miss the wight with your +4 trident.
The wight hits you with a +2 short sword!
You feel drained.
You hit the wight but do no damage.
The wight is almost destroyed.
You hit the wight with your +4 trident.
You destroy the wight!
Your life force feels restored.
Okay, then.
You puncture the wight with your +4 trident!
The wight is severely damaged.
You closely miss the wight with your +0 trident of venom.
The wight hits you with a +2 battleaxe!
You feel drained.
The wight hits you from afar with a +3 trident!
* * * LOW HITPOINT WARNING * * *
You hit the wight but do no damage.
The wight is severely damaged.
You hit the wight with your +4 trident. The wight hits you with a +2 battleaxe!
* * * LOW HITPOINT WARNING * * *
The wight hits you from afar with a +3 trident.
You die...

...# ... ##.# ...
#.# #.# ## #.# #.#
#. #.# #.#
######## #. #<#
#.#####......# #.
#.#
###....†..####.#
#. ##.#
#...####### #.# #.
...# #.#@# #.####.
#### #.#z# #......
##.#z# ######.
#.##....#
########.
#.##..###
#........ #.##..#
#####.######.
#.##....z.z...##.#
#.
#.##.########.##.#
#> ##### #.##.#
###[##.## #.


You could see 2 wights.

Vanquished Creatures
  A steam dragon (D:5)
  Menkaure (D:5)
  A black bear (D:4)
  2 scorpions
  A bullfrog (D:4)
  2 wights (D:5)
  2 hounds (D:5)
  A bombardier beetle (D:4)
  2 iguanas
  Ijyb (D:4)
  An orc wizard (D:3)
  3 adders
  2 dart slugs
  4 orcs
  3 ball pythons
  8 endoplasms
  A giant cockroach (D:4)
  4 goblins
  7 hobgoblins
  4 jackals (D:3)
  6 kobolds
  2 quokkas
  5 bats
  2 frilled lizards (D:3)
  3 rats
69 creatures vanquished.

Notes
Turn   | Place    | Note
-------+----------+-------------------------------------------
     0 | D:1      | Foxy the Coglin Gladiator began the quest for the Orb.
     0 | D:1      | Reached XP level 1. HP: 16/16 MP: 1/1
   178 | D:1      | Reached XP level 2. HP: 22/22 MP: 2/2
   218 | D:1      | Found Ympuudiyf's Armour Boutique.
   250 | D:1      | Reached skill level 3 in Polearms
  1272 | D:2      | Found a faded altar of an unknown god.
  1432 | D:3      | Reached XP level 3. HP: 28/28 MP: 3/3
  1690 | D:3      | Reached XP level 4. HP: 24/34 MP: 4/4
  2133 | D:4      | Reached skill level 4 in Polearms
  2133 | D:4      | Reached XP level 5. HP: 21/41 MP: 5/5
  2391 | D:4      | Reached XP level 6. HP: 47/47 MP: 6/6
  2426 | D:4      | Found a burning altar of Makhleb.
  2479 | D:4      | Noticed a black bear
  2485 | D:4      | Killed a black bear
  2486 | D:4      | Reached skill level 1 in Axes
  2486 | D:4      | Reached skill level 5 in Polearms
  2736 | D:4      | Noticed Ijyb
  2763 | D:4      | Killed Ijyb
  3081 | D:5      | Entered Level 5 of the Dungeon
  3132 | D:5      | Reached XP level 7. HP: 43/53 MP: 7/7
  3174 | D:5      | Noticed a steam dragon
  3181 | D:5      | Killed a steam dragon
  3342 | D:5      | Noticed Menkaure
  3375 | D:5      | Killed Menkaure
  3747 | D:5      | Reached skill level 6 in Polearms
  3747 | D:5      | Reached XP level 8. HP: 59/61 MP: 8/8
  3777 | D:5      | Slain by a wight

Illustrated notes

Levels and vault maps discovered:
D:1:      dpeg_arrival_line_fractal, layout_loops_ring, serial_shops,
          nicolae_diamond_shop
D:2:      layout_loops_ring, shapermc_ecumenical_altar_mp_highgroup
D:3:      layout_basic
D:4:      layout_layer_cave, kennysheep_mini, uniq_ijyb
D:5:      kennysheep_windowed_halls, layout_loops_ring,
          grunt_nemelex_the_gamble, led_xom_imps, uniq_menkaure,
          uniq_prince_ribbit1

Skill      XL: |  1  2  3  4  5  6  7 |
---------------+----------------------+-----
Throwing       | 2 |  2.0
Polearms       | 3 4 5 6 |  6.1
Dodging        | 3 4 |  4.6
Fighting       | 3 4 |  4.5
Axes           | 1 2 |  2.3

Action                     |  1- 3 |  4- 6 |  7- 9 || total
---------------------------+-------+-------+-------++-------
  Melee: Trident           |    73 |   122 |    52 ||   247
         Dagger            |    56 |    77 |       ||   133
         War axe           |       |    23 |    14 ||    37
  Throw: Dart              |       |     3 |       ||     3
  Evoke: Wand              |       |     1 |     2 ||     3
    Use: Potion            |       |     4 |       ||     4
         Scroll            |       |     3 |       ||     3
   Stab: Sleeping          |     2 |       |       ||     2
 Armour: Leather armour    |    16 |       |       ||    16
         Ring mail         |    17 |    88 |    26 ||   131
  Dodge: Dodged            |    27 |    76 |    24 ||   127

Table legend: (Time is in decaauts)
 A = Elapsed time spent in this place.
 B = Non-inter-level travel time spent in this place.
 C = Inter-level travel time spent in this place.
 D = Time resting spent in this place.
 E = Time spent auto-exploring this place.
 F = Levels seen in this place.
 G = Mean time per level.
                   A        B        C        D        E       F      G
               +--------+--------+--------+--------+--------+-----+--------+
         Total |   3796 |   3578 |    218 |    322 |   2604 |   5 |  759.2 |
       Dungeon |   3796 |   3578 |    218 |    322 |   2604 |   5 |  759.2 |
               +--------+--------+--------+--------+--------+-----+--------+

Top non-repeatable levels by time:
     D:4: 1084 daAuts
     D:3: 760 daAuts
     D:2: 688 daAuts
     D:1: 672 daAuts
     D:5: 591 daAuts
